 Dungeon Crawl Stone Soup version 0.20.1-1-g8b1a95d (webtiles) character file.

60022 fili the Warrior (level 14, 0/219 HPs)
             Began as a Minotaur Berserker on Aug 18, 2017.
             Was an Elder of Trog.
             Killed by nerve-wracking pain
             ... invoked by an orc priest
             ... led by an orc high priest
              (4 damage)
             ... on level 2 of the Orcish Mines on Aug 22, 2017.
             The game lasted 02:44:40 (20393 turns).

fili the Warrior (Minotaur Berserker)              Turns: 20393, Time: 02:44:40

Health: 0/219      AC: 18    Str: 32      XL:     14   Next: 55%
Magic:  22/22      EV: 14    Int:  0 (6)  God:    Trog [****..]
Gold:   1514       SH:  9    Dex: 16      Spells: 13/13 levels left

rFire    + + +     SeeInvis +   m - +8 whip "Snakebite" {curare, rPois}
rCold    + . .     Gourm    .   K - +0 shield
rNeg     + . .     Faith    .   I - +0 plate armour of Magic {rElec}
rPois    +         Spirit   .   (helmet restricted)
rElec    +         Reflect  .   Q - +1 cloak
rCorr    +         Harm     +   p - +1 pair of gloves
MR       .....                  x - +2 pair of boots
Stlth    ..........             F - amulet "Zosihaul" {Harm *Drain rF++ SInv}
Regen    0.5/turn               q - +4 ring of evasion
MPRegen  0.2/turn               U - ring of Giyq {rN+ MR- MP+9 Int+2 Dex+4}

@: berserking, resistant, slowed, lost intelligence, drained
A: retaliatory headbutt, horns 2, strong 1
a: Berserk, Trog's Hand, Brothers in Arms, Burn Spellbooks, Renounce Religion


You were on level 2 of the Orcish Mines.
You worshipped Trog.
Trog was greatly pleased with you.
You were near starving.

You visited 3 branches of the dungeon, and saw 19 of its levels.
You also visited: Labyrinth and Volcano.

You collected 1664 gold pieces.
You spent 150 gold pieces at shops.

Inventory:

Hand Weapons
 m - the +8 whip "Snakebite" (weapon) {curare, rPois}
   (You found it on level 5 of the Lair of Beasts)

   It poisons the flesh of those it strikes.
   It protects you from poison.
 H - the +3 war axe of Extremism {chop, rElec rPois}
   (You found it on level 6 of the Lair of Beasts)

   It inflicts extra damage upon your enemies.
   It insulates you from electricity.
   It protects you from poison.
 M - a +0 great mace of flaming
Missiles
 g - 7 javelins of returning (quivered)
 A - a tomahawk of returning
 E - 6 needles of sleeping
 O - 9 silver javelins
 V - 15 curare-tipped needles
 Z - 5 silver tomahawks
Armour
 p - a +1 pair of gloves (worn)
 x - a +2 pair of boots (worn)
 I - the +0 plate armour of Magic (worn) {rElec}
   (You found it on level 1 of the Lair of Beasts)

   It insulates you from electricity.
 K - a +0 shield (worn)
 Q - a +1 cloak (worn)
Jewellery
 q - a +4 ring of evasion (left hand)
 F - the amulet "Zosihaul" (around neck) {Harm *Drain rF++ SInv}
   (You bought it in a shop on level 5 of the Dungeon)

   [amulet of harm]

   It increases damage dealt and taken.
   It greatly protects you from fire.
   It lets you see invisible.
   It causes draining when unequipped.
 U - the ring of Giyq (right hand) {rN+ MR- MP+9 Int+2 Dex+4}
   (You found it in a labyrinth)

   [ring of magical power]

   It affects your intelligence (+2).
   It affects your dexterity (+4).
   It protects you from negative energy.
   It affects your resistance to hostile enchantments.
   It affects your magic capacity (+9).
Wands
 b - a wand of clouds (4/9)
 e - a wand of digging (15/24)
 h - a wand of lightning (4/15)
 k - a wand of iceblast (12/15)
 w - a wand of scattershot (3/9)
 y - a wand of paralysis (8/24)
 N - a wand of disintegration (10/24)
 T - a wand of enslavement (7/24)
Scrolls
 n - 3 scrolls of teleportation
 r - a scroll of fog
 v - a scroll of blinking
 z - 10 scrolls of remove curse
 D - 4 scrolls of fear
 P - 2 scrolls of torment {unknown}
 R - 2 scrolls of silence {unknown}
 X - a scroll of recharging {unknown}
 Y - a scroll of vulnerability {unknown}
Potions
 a - a potion of brilliance
 d - a potion of might {unknown}
 j - a potion of flight
 l - 2 potions of agility
 s - 3 potions of heal wounds
 C - 3 potions of haste
 J - 5 potions of curing
 L - 2 potions of resistance
Books
 B - a book of Flames

   Spells                             Type                      Level
   a - Flame Tongue                   Conjuration/Fire             1
   b - Throw Flame                    Conjuration/Fire             2
   c - Conjure Flame                  Conjuration/Fire             3
   d - Inner Flame                    Hexes/Fire                   3
   e - Sticky Flame                   Conjuration/Fire             4
   f - Fireball                       Conjuration/Fire             5
   Trog disapproves of the use of such an item.
 G - a book of Party Tricks

   Spells                             Type                      Level
   a - Summon Butterflies             Summoning                    1
   b - Apportation                    Translocation                1
   c - Lesser Beckoning               Translocation                3
   d - Tukima's Dance                 Hexes                        3
   e - Alistair's Intoxication        Transmutation/Poison         5
   f - Invisibility                   Hexes                        6
   Trog disapproves of the use of such an item.
Comestibles
 c - 9 bread rations
 f - 14 chunks of flesh
 i - 12 royal jellies
 o - 7 fruits
 t - 6 meat rations


   Skills:
 * Level 19.3(18.9) Fighting
 + Level 17.7(17.3) Maces & Flails
 - Level 8.1(7.7) Throwing
 - Level 2.4(2.1) Armour
 + Level 9.2(8.8) Dodging


You had 13 spell levels left.
You didn't know any spells.

Dungeon Overview and Level Annotations

Branches:
Dungeon (11/15)            Temple (0/1) D:5            Lair (6/6) D:9
  Swamp (0/4) Lair:2        Snake (0/4) Lair:3        Slime (0/5) Lair:6
    Orc (2/2) D:11
    Elf: Orc:2

Altars:
Vehumet
Yredelemnul
Zin

Shops:
D:5 *   D:6 *   D:9 [

Annotations:
D:7 appiemonkey's ghost, novice TrAr
Lair:4 exclusion: oklob plant


Innate Abilities, Weirdness & Mutations

You reflexively headbutt those who attack you in melee.
You have a pair of horns on your head.
Your muscles are strong. (Str +2)


Message History

The ogre mage hits you but does no damage.
The ynoxinul hits you but does no damage.
The neqoxec hits you but does no damage.
The orc warrior hits you with a hand axe!
* * * LOW HITPOINT WARNING * * *
The orc warrior hits you but does no damage.
The ufetubus hits you but does no damage. x2
The ogre mage hits you but does no damage.
You can move again.
You whack the orc high priest!
The orc high priest is poisoned.
The orc high priest is severely wounded.
You hear a shout!
The ynoxinul closely misses you.
The orc high priest calls down the wrath of Beogh upon you.
Beogh smites you!
* * * LOW HITPOINT WARNING * * *
You block the neqoxec's attack.
The orc priest mumbles some strange prayers to Beogh against you.
Pain shoots through your body!
You die...

##......###..#..)#..........##.
###.....###.#..#.#....#....##.
####.###.................#..
#....#.....#........ #..
##.................
##.#................
#...#.###.35........
##..#....#o335....#..
##........Oo@o5.....
#...#..#.o#O5o......
##.#...#..o##.#...#.
####........##.....
##.##....O.#.#..
######..o.o.... ####ooo.o.
..o..o ..)o.


You could see an orc high priest, an ogre mage, 2 neqoxecs, a ynoxinul, 2 orc
warriors, an ogre, an orc priest, an orc wizard, a quasit, an orc and 3 ufetubi.

Vanquished Creatures
  The ghost of Enish the Geomancer, a journeyman OpEE of Gozag (Lair:6)
  A minotaur (Lab)
  2 ogre magi (Orc:2)
  The ghost of appiemonkey the Impaler, a journeyman MiGl of Cheibriados (D:11)
  3 hydras
  Erolcha (Orc:2)
  A centaur warrior (D:9)
  10 two-headed ogres
  The ghost of theAP the Basher, a novice GrFi of Okawaru (D:8)
  An unseen horror (D:11)
  Pikel (D:5)
  A lindwurm (Lair:5)
  An orc sorcerer (Orc:2)
  A deep elf mage (D:9)
  2 salamanders (Volcano)
  12 elephants
  5 black mambas
  Maurice (D:8)
  A gargoyle (D:11)
  Psyche (D:8)
  9 spiny frogs
  2 rime drakes
  8 komodo dragons
  A red devil (Volcano)
  2 trolls
  4 polar bears (Lair:6)
  A queen bee (D:8)
  Prince Ribbit (D:7)
  5 hornets (Lair:6)
  7 blink frogs
  7 hippogriffs
  2 dream sheep (Lair:6)
  4 slime creatures (D:10)
  14 spriggans (Lair:6)
  36 yaks
  A shadow (Lair:1)
  A fire bat (Volcano)
  3 wyverns
  2 hungry ghosts
  4 hell hounds
  4 nagas (Lair:3)
  7 porcupines
  21 water moccasins
  An ice beast (D:9)
  6 black bears
  7 orc warriors
  3 sky beasts
  20 ogres
  3 boggarts (Lair:6)
  29 wolves
  7 centaurs
  8 crocodiles
  3 big kobolds
  15 bullfrogs
  2 gnoll sergeants
  18 killer bees
  6 wights
  2 electric eels (Lair:3)
  4 howler monkeys
  4 crimson imps
  2 centaur zombies
  3 hounds
  6 centaur skeletons
  5 jellies
  6 orc priests
  A gnoll shaman (D:8)
  14 orc wizards
  2 iguanas (D:6)
  A bullfrog skeleton (D:11)
  9 worker ants
  2 hound zombies
  A hound skeleton (D:7)
  A howler monkey zombie (D:8)
  A worker ant zombie (D:11)
  13 adders
  18 gnolls
  2 howler monkey skeletons
  2 shadow imps
  An ooze (D:2)
  An adder skeleton (D:5)
  A worm (D:2)
  5 dart slugs
  8 leopard geckos
  50 orcs
  4 giant cockroaches
  8 goblins
  4 hobgoblins
  12 jackals
  22 kobolds
  6 quokkas
  4 ball pythons
  5 bats
  3 frilled lizards
  A leopard gecko zombie (D:8)
  7 rats
  2 fungi
565 creatures vanquished.

Vanquished Creatures (collateral kills)
  An orc knight (Orc:2)
  An ogre (Orc:2)
2 creatures vanquished.

Vanquished Creatures (others)
  A slave (D:5)
  An ogre (D:5)
  A howler monkey (D:5)
  A crimson imp (D:5)
  2 orc priests (D:5)
  A leopard gecko (D:5)
  2 orcs (D:5)
  14 fungi
  3 plants
26 creatures vanquished.

Grand Total: 593 creatures vanquished

Notes
Turn   | Place    | Note
-------+----------+-------------------------------------------
     0 | D:1      | fili the Minotaur Berserker began the quest for the Orb.
     0 | D:1      | Reached XP level 1. HP: 19/19 MP: 0/0
   119 | D:1      | Reached skill level 4 in Fighting
   153 | D:1      | Reached XP level 2. HP: 27/27 MP: 1/1
   699 | D:2      | Reached XP level 3. HP: 34/34 MP: 2/2
  1089 | D:3      | Reached ** piety under Trog
  1363 | D:3      | Reached skill level 5 in Fighting
  1447 | D:3      | Reached XP level 4. HP: 36/42 MP: 3/3
  1792 | D:4      | Reached skill level 5 in Maces & Flails
  1935 | D:4      | Reached XP level 5. HP: 49/49 MP: 4/4
  2188 | D:4      | Reached skill level 6 in Fighting
  2228 | D:4      | Reached XP level 6. HP: 50/58 MP: 5/5
  2487 | D:5      | Entered Level 5 of the Dungeon
  2499 | D:5      | Noticed a sky beast
  2517 | D:5      | Killed a sky beast
  2553 | D:5      | Reached skill level 7 in Fighting
  2746 | D:5      | Noticed Pikel
  2748 | D:5      | Noticed a slave
  2752 | D:5      | Noticed a slave
  2755 | D:5      | Killed Pikel
  2755 | D:5      | Reached skill level 8 in Fighting
  2755 | D:5      | Reached XP level 7. HP: 27/69 MP: 6/6
  3122 | D:5      | Found Fycselis's Assorted Antiques.
  3147 | D:5      | Bought a glittering lead amulet for 150 gold pieces
  3147 | D:5      | Identified the amulet "Zosihaul" {Harm *Drain rF++ SInv} (You bought it in a shop on level 5 of the Dungeon)
  3167 | D:5      | Reached XP level 8. HP: 71/75 MP: 7/7
  3223 | D:5      | Found a staircase to the Ecumenical Temple.
  3605 | D:6      | Reached skill level 9 in Fighting
  3925 | D:6      | Reached skill level 10 in Fighting
  3925 | D:6      | Reached skill level 10 in Maces & Flails
  3979 | D:6      | Found Tedise's Serpentskin Sales.
  4485 | D:7      | Reached *** piety under Trog
  4534 | D:6      | Reached XP level 9. HP: 42/86 MP: 8/8
  4747 | D:7      | Reached skill level 1 in Throwing
  5299 | D:7      | Noticed Prince Ribbit
  5421 | D:7      | Killed Prince Ribbit
  5421 | D:7      | Reached skill level 11 in Fighting
  5572 | D:7      | Noticed appiemonkey's ghost (novice TrAr)
  6050 | D:8      | Noticed Maurice
  6061 | D:8      | Killed Maurice
  6115 | D:8      | Noticed Psyche
  6116 | D:8      | Received a gift from Trog
  6146 | D:8      | Killed Psyche
  6186 | D:8      | Noticed theAP's ghost (novice GrFi)
  6331 | D:8      | Reached skill level 12 in Fighting
  6677 | D:8      | Reached XP level 10. HP: 97/97 MP: 9/9
  6804 | D:8      | Killed theAP's ghost
  7532 | D:8      | Reached **** piety under Trog
  7702 | D:9      | Found a radiant altar of Vehumet.
  7728 | D:9      | Found a staircase to the Lair.
  7755 | D:9      | Reached skill level 13 in Fighting
  8003 | D:9      | Received a gift from Trog
  8154 | D:9      | Noticed a six-headed hydra
  8155 | D:9      | Noticed a deep elf mage
  8184 | Lair:1   | Entered Level 1 of the Lair of Beasts
  8228 | Lair:1   | Reached skill level 5 in Throwing
  8473 | Lair:1   | Noticed a six-headed hydra
  8521 | D:9      | Killed a six-headed hydra
  8633 | D:9      | Found Ixkihote's Armour Boutique.
  8804 | D:9      | Reached XP level 11. HP: 107/107 MP: 10/10
  8935 | D:9      | Killed a deep elf mage
  8946 | D:9      | Noticed a centaur warrior
  8955 | D:9      | Killed a centaur warrior
  9043 | D:9      | Identified the Handbook of Dusty Fire
  9106 | D:10     | Entered Level 10 of the Dungeon
  9224 | D:10     | Reached skill level 14 in Fighting
  9272 | D:10     | Received a gift from Trog
 10051 | D:10     | Received a gift from Trog
 10456 | D:11     | Noticed a two-headed ogre
 10456 | D:11     | Noticed appiemonkey's ghost (journeyman MiGl)
 10942 | Lair:1   | Reached ***** piety under Trog
 11107 | Lair:1   | Reached skill level 15 in Fighting
 11275 | Lair:1   | Got a warped plate armour
 11286 | Lair:1   | Identified the cursed +0 plate armour of Magic {rElec} (You found it on level 1 of the Lair of Beasts)
 11449 | Lair:1   | Killed a six-headed hydra
 11449 | Lair:1   | Reached skill level 15 in Maces & Flails
 11449 | Lair:1   | Reached XP level 12. HP: 119/119 MP: 11/11
 11467 | Lair:2   | Found a staircase to the Swamp.
 11511 | Lair:2   | Found a labyrinth entrance.
 11528 | Lab      | Entered a labyrinth
 11620 | Lab      | Noticed a minotaur
 11641 | Lab      | Killed a minotaur
 11926 | Lab      | Identified Ilienaq's Collected Works on Envenoming and the Blaze
 11930 | Lab      | Got a fine jade ring
 11937 | Lab      | Identified the ring of Giyq {rN+ MR- MP+9 Int+2 Dex+4} (You found it in a labyrinth)
 12831 | Lair:3   | Found a staircase to the Snake Pit.
 14020 | Lair:4   | Reached skill level 16 in Fighting
 14282 | Lair:4   | Received a gift from Trog
 14566 | Lair:4   | Received a gift from Trog
 15185 | Lair:5   | Found a basalt altar of Yredelemnul.
 15464 | Lair:5   | Reached XP level 13. HP: 105/130 MP: 12/12
 15579 | Lair:5   | Found a dark tunnel.
 15589 | Volcano  | Entered a volcano
 15674 | Volcano  | Reached skill level 5 in Dodging
 15694 | Volcano  | Reached skill level 17 in Fighting
 16576 | Lair:6   | Entered Level 6 of the Lair of Beasts
 16873 | Lair:6   | Noticed Enish's ghost (journeyman OpEE)
 16987 | Lair:6   | Killed Enish's ghost
 17343 | Lair:6   | Received a gift from Trog
 17448 | Lair:6   | Reached skill level 18 in Fighting
 17451 | Lair:6   | Received a gift from Trog
 17469 | Lair:6   | Got a shimmering war axe
 17470 | Lair:6   | Identified the +3 war axe of Extremism {chop, rElec rPois} (You found it on level 6 of the Lair of Beasts)
 17577 | Lair:6   | Received a gift from Trog
 18118 | Lair:6   | Reached XP level 14. HP: 139/144 MP: 13/13
 18392 | Lair:6   | Found a staircase to the Slime Pits.
 18900 | D:11     | Killed appiemonkey's ghost
 19191 | D:11     | Received a gift from Trog
 19195 | D:11     | Found a staircase to the Orcish Mines.
 19363 | D:11     | Found a glowing silver altar of Zin.
 19787 | Orc:1    | Entered Level 1 of the Orcish Mines
 19829 | Orc:2    | Entered Level 2 of the Orcish Mines
 20074 | Orc:1    | Received a gift from Trog
 20089 | Orc:2    | Reached skill level 19 in Fighting
 20272 | Orc:2    | Noticed Erolcha
 20281 | Orc:2    | Killed Erolcha
 20377 | Orc:2    | Paralysed by an orc sorcerer for 6 turns
 20388 | Orc:2    | Lost intelligence.
 20389 | Orc:2    | Gained mutation: Your muscles are strong. (Str +2) [a neqoxec]
 20393 | Orc:2    | HP: 4/219 [orc high priest/divine providence (14)]
 20393 | Orc:2    | Killed from afar by an orc priest

Skill      XL: |  1  2  3  4  5  6  7  8  9 10 11 12 13 14 |
---------------+-------------------------------------------+-----
Fighting       | 4 5 6 8 10 12 13 15 16 18 19 | 19.3
Maces & Flails | 4 5 6 8 10 11 13 15 16 17 | 17.7
Throwing       | 3 5 7 8 |  8.1
Dodging        | 4 7 9 |  9.2
Armour         | |  2.4

Action                   |  1- 3 |  4- 6 |  7- 9 | 10-12 | 13-15 || total
-------------------------+-------+-------+-------+-------+-------++-------
Melee: Mace              |    76 |   130 |       |       |       ||   206
       Headbutt          |     6 |    21 |    36 |   193 |   137 ||   393
       Flail             |       |     7 |       |       |       ||     7
       Whip              |       |       |   256 |   759 |   477 ||  1492
       Great mace        |       |       |       |       |    30 ||    30
Throw: Stone             |    56 |    59 |    60 |    53 |       ||   228
       Tomahawk          |     3 |     6 |    15 |    14 |    63 ||   101
       Javelin           |       |       |       |    91 |    27 ||   118
Invok: Trog's Hand       |       |     5 |     5 |     5 |     4 ||    19
       Berserk           |       |     1 |     3 |     4 |     2 ||    10
       Burn Spellbooks   |       |       |       |     1 |       ||     1
       Brothers in Arms  |       |       |       |     1 |     4 ||     5
Evoke: Wand              |       |       |     1 |       |       ||     1
  Use: Scroll            |     6 |     1 |     8 |     7 |     1 ||    23
       Potion            |       |       |     1 |     9 |     3 ||    13
  Eat: Chunk             |     2 |     5 |    14 |    30 |    19 ||    70
       Royal jelly       |       |       |     2 |     1 |       ||     3
       Bread ration      |       |       |     1 |       |       ||     1
       Fruit             |       |       |       |     1 |       ||     1
Armor: Ring mail         |     1 |       |       |       |       ||     1
       Animal skin       |     1 |       |       |       |       ||     1
       Chain mail        |    26 |    83 |   109 |   146 |       ||   364
       Scale mail        |     5 |       |       |       |       ||     5
       Plate armour      |       |       |       |   138 |   174 ||   312
       Skin              |       |       |       |     2 |       ||     2
Dodge: Dodged            |    34 |    52 |   101 |   189 |   183 ||   559
Block: Shield            |       |       |       |    77 |   140 ||   217
